 Dungeon Crawl Stone Soup version 0.22-a0-803-gd6d8abe (webtiles) character file.

133 iamserjio the Chiller (level 4, 0/24 HPs)
             Began as a Deep Elf Ice Elementalist on July 22, 2018.
             Slain by Ijyb
             ... wielding a +5 club
              (7 damage)
             ... on level 3 of the Dungeon.
             The game lasted 00:08:52 (1056 turns).

iamserjio the Chiller (Deep Elf Ice Elementalist)   Turns: 1056, Time: 00:08:53

Health: 0/24       AC:  3    Str:  3 (5)  XL:     4   Next: 94%
Magic:  7/12       EV: 13    Int: 20 (21) God:
Gold:   109        SH:  0    Dex: 13 (15) Spells: 4/11 levels left

rFire    . . .     SeeInvis .   r - +2 dagger (protect)
rCold    . . .     Gourm    .   (no shield)
rNeg     . . .     Faith    .   a - +0 robe
rPois    .         Spirit   .   v - +0 helmet
rElec    .         Reflect  .   (no cloak)
rCorr    .         Harm     .   (no gloves)
MR       .....                  (no boots)
Stlth    ++........             (no amulet)
HPRegen  0.08/turn              (no ring)
MPRegen  0.13/turn              (no ring)

@: no status effects
A: no striking features
a: no special abilities


You were on level 3 of the Dungeon.
You were not hungry.

You visited 1 branch of the dungeon, and saw 3 of its levels.

You collected 109 gold pieces.

Inventory:

Hand Weapons
 f - a +0 dagger
 k - a cursed -1 mace
 r - a +2 dagger of protection (weapon)
 t - a cursed -2 dagger
Missiles
 d - 11 arrows
 g - 62 stones (quivered)
 p - 34 poisoned needles
Armour
 a - a +0 robe (worn)
 n - a cursed -1 leather armour
 v - a +0 helmet (worn)
Wands
 u - a wand of random effects (25)
Scrolls
 b - a scroll of identify {unknown}
 h - 2 scrolls of enchant armour {unknown}
 l - 2 scrolls of fear {unknown}
 m - a scroll of noise {unknown}
Potions
 e - a potion of cancellation
 i - a potion of curing {unknown}
 j - a potion of might {unknown}
 o - a potion of berserk rage {unknown}
 q - a potion of haste
Comestibles
 c - 2 rations
 s - 9 chunks of flesh


   Skills:
 + Level 3.5 Dodging
 - Level 2.4 Stealth
 + Level 4.1 Spellcasting
 + Level 2.3 Conjurations
 + Level 1.1 Necromancy
 + Level 4.5 Ice Magic


You had 4 spell levels left.
You knew the following spells:

 Your Spells              Type           Power        Failure   Level  Hunger
a - Freeze                Ice            ###.         1%          1    None
b - Throw Frost           Conj/Ice       ###...       4%          2    #......
c - Ozocubu's Armour      Chrm/Ice       ##......     16%         3    ###....
d - Animate Skeleton      Necr           N/A          9%          1    None

Your spell library contained the following spells:

 Spells                   Type           Power        Failure   Level  Hunger
 Apportation              Tloc           #.....       13%         1    None
 Summon Small Mammal      Summ           #...         13%         1    None
 Summon Ice Beast         Ice/Summ       ##......     45%         4    ####...
 Call Imp                 Summ           #.......     19%         2    #......
 Throw Icicle             Conj/Ice       ###.....     30%         4    ####...
 Confusing Touch          Hex            #.....       13%         1    None
 Call Canine Familiar     Summ           #.......     36%         3    ###....
 Summon Lightning Spire   Summ/Air       #.......     77%         4    ####...
 Summon Guardian Golem    Hex/Summ       #.......     36%         3    ###....


Dungeon Overview and Level Annotations

Branches:
Dungeon (3/15)

Altars:
Okawaru
The Shining One

Annotations:
D:3 Ijyb


Message History

You can move again.
Ijyb drinks a potion.
Ijyb seems to speed up.
Ijyb zaps a wand.
You resist with some effort.
Ijyb zaps a wand.
You suddenly lose the ability to move!
You can move again.
Ijyb zaps a wand.
You resist with some effort.
Evoke which item? (* to show all) (? for menu, Esc to quit)
Aiming: Random Effects
Press: ? - help, Shift-Dir - straight line, f - Ijyb
Aim: Ijyb, wielding an enchanted club, wearing a chain mail and carrying a wand of paralysis (12) (fast)
The bolt of poison hits Ijyb.
Ijyb is heavily wounded.
Ijyb hits you with an enchanted club.
* * * LOW HITPOINT WARNING * * *
Evoke which item? (* to show all) (? for menu, Esc to quit)
Aiming: Random Effects
Press: ? - help, Shift-Dir - straight line, f/p - Ijyb
Aim: Ijyb, wielding an enchanted club, wearing a chain mail and carrying a wand of paralysis (12) (heavily wounded, fast) Ijyb resists with significant effort.
Ijyb hits you with an enchanted club!
You die...

#. #.## #.#.####.#
#..###..### #.#....#.. ##
#.#>.....## #....#.### ..
#.........## #....# .. .
#..........# #....# #. #
#..........# #..### #.######
#....._....###.## #..#..^.
#...........g..# #....#
#..........@#### #.####
##..>.......# #.....
#..........## ##. ######
#..........# #.... #
#..........####...# #
##..........#....# #
........).....#### ########
##..........#########[......
##...<.>######.......######


You could see Ijyb.

Vanquished Creatures
  Robin (D:3)
  5 adders
  An ooze (D:3)
  A worm (D:2)
  A dart slug (D:2)
  4 orcs (D:3)
  A ball python (D:2)
  3 giant cockroaches
  11 goblins
  6 hobgoblins
  7 jackals (D:3)
  4 kobolds
  A quokka (D:2)
  4 bats
  5 frilled lizards
  6 rats
61 creatures vanquished.

Notes
Turn   | Place    | Note
-------+----------+-------------------------------------------
     0 | D:1      | iamserjio the Deep Elf Ice Elementalist began the quest for the Orb.
     0 | D:1      | Reached XP level 1. HP: 10/10 MP: 6/6
     1 | D:1      | Noticed an electric eel
   168 | D:1      | Found a glowing golden altar of the Shining One.
   225 | D:1      | Reached XP level 2. HP: 13/15 MP: 8/8
   450 | D:2      | Reached XP level 3. HP: 14/19 MP: 5/10
   454 | D:2      | Learned a level 2 spell: Throw Frost
   458 | D:2      | Learned a level 3 spell: Ozocubu's Armour
   633 | D:3      | Noticed Ijyb
   663 | D:3      | Noticed Robin
   668 | D:2      | Reached XP level 4. HP: 15/24 MP: 8/11
   742 | D:2      | Learned a level 1 spell: Animate Skeleton
   974 | D:3      | Killed Robin
   974 | D:3      | Reached skill level 1 in Necromancy
  1018 | D:3      | Found an iron altar of Okawaru.
  1043 | D:3      | Paralysed by Ijyb for 2 turns
  1048 | D:3      | Paralysed by Ijyb for 5 turns
  1056 | D:3      | Slain by Ijyb

Vault maps used:
D:1:      arrival_aquarium_a, tso_metal_star
D:2:      minmay_stone_trees_small
D:3:      overflow_temple_1_default, minmay_misc_feat_more_columns, uniq_robin,
          uniq_ijyb

Skill      XL: |  1  2  3  4 |
---------------+-------------+-----
Ice Magic      | 4 |  4.5
Dodging        | 3 |  3.5
Conjurations   | 2 |  2.3
Spellcasting   | 4 |  4.1
Necromancy     | 1 |  1.1
Stealth        | |  2.4

Action                   |  1- 3 |  4- 6 || total
-------------------------+-------+-------++-------
Melee: Dagger            |    10 |    35 ||    45
 Cast: Freeze            |    39 |    41 ||    80
       Ozocubu's Armour  |       |     1 ||     1
Evoke: Wand              |       |     2 ||     2
  Use: Potion            |       |     3 ||     3
 Stab: Sleeping          |     8 |       ||     8
Armor: Robe              |    11 |     5 ||    16
       Skin              |       |    26 ||    26
Dodge: Dodged            |    30 |    28 ||    58

Table legend:
 A = Spawn XP
 B = Non-spawn XP
 C = Spawn XP percentage of total XP
 D = Spawn monster count
 E = Non-spawn monster count
 F = Spawn count percentage of total count
 G = Total turns spent on level
                    A         B        C        D         E        F      G
               +---------+---------+-------+---------+---------+-------+---------
         Total |       0 |     191 |   0.0 |       0 |      61 |   0.0 |  1056
               +---------+---------+-------+---------+---------+-------+---------
           D:1 |       0 |      17 |   0.0 |       0 |      12 |   0.0 |   374
           D:2 |       0 |      89 |   0.0 |       0 |      21 |   0.0 |   361
           D:3 |       0 |      85 |   0.0 |       0 |      28 |   0.0 |   321
               +---------+---------+-------+---------+---------+-------+---------
